 Dungeon Crawl Stone Soup version 0.25.0-11-g1f837a76a1 (webtiles) character file.

Game seed: 10689247517313401582

56 Esekla the Skirmisher (level 3, 0/31 HPs)
             Began as a Draconian Skald on June 24, 2020.
             Slain by an orc wizard
             ... wielding a +0 dagger
              (6 damage)
             ... on level 4 of the Dungeon.
             The game lasted 00:08:18 (1259 turns).

Esekla the Skirmisher (Draconian Skald)             Turns: 1259, Time: 00:08:19

Health: 0/31       AC:  5    Str: 13    XL:     3   Next: 71%
Magic:  15/15      EV: 12    Int: 14    God:
Gold:   89         SH:  0    Dex: 10    Spells: 1/6 levels left

rFire    . . .     SeeInvis .   f - +0 short sword
rCold    . . .     Gourm    .   (no shield)
rNeg     . . .     Faith    .   (armour unavailable)
rPois    .         Spirit   .   (helmet restricted)
rElec    .         Reflect  .   (no cloak)
rCorr    .         Harm     .   (no gloves)
MR       .....                  (no boots)
Stlth    +.........             (no amulet)
HPRegen  0.10/turn              k - ring of magical power
MPRegen  0.14/turn              (no ring)

@: no status effects
A: unfitting armour, cold-blooded, AC +5
a: no special abilities


You were on level 4 of the Dungeon.
You were very hungry.

You visited 1 branch of the dungeon, and saw 4 of its levels.

You collected 89 gold pieces.

Inventory:

Hand Weapons
 a - a +0 falchion
 f - a +0 short sword (weapon)
Missiles
 l - 42 poisoned darts (quivered)
Jewellery
 k - a ring of magical power (left hand)
Scrolls
 b - a scroll of fear {unknown}
 e - a scroll of remove curse
 g - 4 scrolls of identify {unknown}
 h - a scroll of immolation
 i - a scroll of enchant armour {unknown}
Potions
 d - a potion of berserk rage {unknown}
 m - a potion of magic {unknown}
Comestibles
 c - a ration


   Skills:
 * Level 3.0 Fighting
 + Level 2.5 Long Blades
 + Level 2.6 Dodging
 + Level 2.2 Spellcasting
 - Level 2.6 Charms
 * Level 0.9 Translocations


You had one spell level left.
You knew the following spells:

 Your Spells              Type           Power        Failure   Level  Hunger
a - Infusion              Chrm           #...         8%          1    #......
b - Song of Slaying       Chrm           #.......     12%         2    ###....
c - Shroud of Golubria    Chrm/Tloc      #.....       17%         2    ###....

Your spell library contained the following spells:

 Spells                   Type           Power        Failure   Level  Hunger
 Ozocubu's Armour         Chrm/Ice       #.......     38%         3    ###....
 Spectral Weapon          Hex/Chrm       #.......     38%         3    ###....


Dungeon Overview and Level Annotations

Branches:
Dungeon (4/15)
 Temple: D:4-7

Altars:

Shops:
D:4 %

Annotations:
D:3 Grinder
D:4 Natasha


Innate Abilities, Weirdness & Mutations

Your plain brown scales are hard. (AC +5)
You cannot fit into any form of body armour.
You are cold-blooded and may be slowed by cold attacks.


Message History

The magic dart hits you.
* * * LOW HITPOINT WARNING * * *
It was a potion of curing.
You feel better. Something hits you but does no damage.
Natasha, Servant of Life and Death comes into view.
An orc wizard appears from thin air!
Reactivating autopickup.
f - a +0 short sword (weapon)
Natasha hisses angrily.
Natasha casts a spell.
The orc wizard hits you with a +0 dagger.
As you read the scroll labeled BUAFEUTETU, it crumbles to dust.
You feel blessed for a moment.
It was a scroll of remove curse.
The orc wizard hits you with a +0 dagger.
* * * LOW HITPOINT WARNING * * *
As you read the scroll labeled CIN IPIOXTIOGU, it crumbles to dust.
The creatures around you are filled with an inner flame!
It was a scroll of immolation.
Natasha claws you but does no damage.
The orc wizard hits you with a +0 dagger.
You die...

#######
#.....#
##.....#
#.h@...#
#5##o###
.. #.#
## #.#
#.# #.#
#.# #.#
#...#
#.#


You could see an orc wizard (inner flame), Natasha (inner flame) and a crimson
imp (summoned, inner flame).

Vanquished Creatures
  2 adders
  3 dart slugs
  2 leopard geckos (D:2)
  3 orcs (D:4)
  A giant cockroach (D:2)
  4 goblins (D:1)
  3 hobgoblins
  3 bats (D:1)
  A frilled lizard (D:2)
  2 kobolds
  4 rats (D:1)
28 creatures vanquished.

Notes
Turn   | Place    | Note
-------+----------+-------------------------------------------
     0 | D:1      | Esekla the Draconian Skald began the quest for the Orb.
     0 | D:1      | Reached XP level 1. HP: 17/17 MP: 3/3
   300 | D:1      | Reached XP level 2. HP: 21/25 MP: 5/5
   402 | D:1      | Learned a level 2 spell: Song of Slaying
   405 | D:1      | Learned a level 2 spell: Shroud of Golubria
   583 | D:2      | Found a faded altar of an unknown god.
   743 | D:2      | Reached XP level 3. HP: 25/30 MP: 6/6
   991 | D:3      | Reached skill level 3 in Fighting
  1020 | D:3      | Noticed Grinder
  1192 | D:4      | Found Tosk's Food Emporium.
  1256 | D:4      | Noticed Natasha
  1259 | D:4      | Slain by an orc wizard

Illustrated notes

Levels and vault maps discovered:
D:1:      elethiomel_arrival_quiet, layout_loops_corners
D:2:      layout_basic, old_standard_altar, serial_glass, glass_columns_a,
          glass_columns_a, glass_columns_a, glass_columns_c, glass_columns_a,
          chequers_ecumenical_altar_island
D:3:      layout_basic, first_ration, uniq_grinder, uniq_jessica,
          uniq_crazy_yiuf_cottage
D:4:      layout_rooms, grunt_temple_overflow_order_and_chaos_2, serial_shops,
          shop_statue, uniq_edmund, uniq_natasha, uniq_pikel, uniq_ijyb

Skill      XL: |  1  2  3 |
---------------+----------+-----
Fighting       | 3 |  3.0
Long Blades    | |  2.5
Dodging        | |  2.6
Spellcasting   | |  2.2
Charms         | |  2.6
Translocations | |  0.9

Action                   || total
-------------------------++-------
Melee: Falchion          ||    75
       Tailslap          ||     6
Throw: Dart              ||     8
  Use: Scroll            ||     2
       Potion            ||     1
Armor: Skin              ||    24
Dodge: Dodged            ||    45
       Rpst.: Falchion   ||    12
